 Dungeon Crawl Stone Soup version 0.20-a0-1122-gb7cbeb9 (webtiles) character file.

209 Gorglomux the Sneak (level 5, -1/26 HPs)
             Began as a Vine Stalker Assassin on May 13, 2017.
             Slain by a gnoll
             ... wielding a +0 spear
              (2 damage)
             ... on level 3 of the Dungeon.
             The game lasted 00:07:51 (2423 turns).

Gorglomux the Sneak (Vine Stalker Assassin)         Turns: 2423, Time: 00:07:51

Health: -1/26      AC:  3    Str: 13    XL:     5   Next: 87%
Magic:  0/6        EV: 11    Int: 11    God:
Gold:   66         SH:  0    Dex: 17    Spells: 4/4 levels left

rFire    . . .     SeeInvis .   a - +2 dagger
rCold    . . .     Gourm    .   (no shield)
rNeg     . . .     Faith    .   c - +0 robe
rPois    .         Spirit   +   (no helmet)
rElec    .         Reflect  .   d - +0 cloak
rCorr    .         Harm     .   (no gloves)
MR       .....                  (no boots)
Stlth    ++++......             (no amulet)
Regen    0.5/turn               (no ring)
MPRegen  0.1/turn               (no ring)

@: no status effects
A: fangs 2, regeneration 1, magic shield, antimagic bite, no potion heal 3, rot
immunity
a: no special abilities


You were on level 3 of the Dungeon.
You were not hungry.

You visited 1 branch of the dungeon, and saw 3 of its levels.

You collected 66 gold pieces.

Inventory:

Hand Weapons
 a - a +2 dagger (weapon)
 b - a +0 blowgun
 j - a +0 hunting sling
   (You found it on level 1 of the Dungeon)
Missiles
 e - 20 poisoned needles
 f - a curare-tipped needle
 n - 2 throwing nets {=f, !d}
Armour
 c - a +0 robe (worn)
 d - a +0 cloak (worn)
Scrolls
 h - 3 scrolls of teleportation {unknown}
 i - a scroll of immolation {unknown}
 l - 4 scrolls of identify {unknown}
 m - a scroll of amnesia {unknown}
 o - 2 scrolls of remove curse {unknown}
Potions
 p - a potion of curing {unknown}
 q - a potion of flight {unknown}
 s - 2 potions of mutation {unknown}
Comestibles
 g - 5 bread rations {@e1@e1}
 k - 3 royal jellies
 r - 5 chunks of flesh {@w0@w0}


   Skills:
 - Level 1.7 Fighting
 + Level 3.9 Short Blades
 - Level 1.7 Throwing
 - Level 0.7 Dodging
 + Level 7.1 Stealth


You had 4 spell levels left.
You didn't know any spells.

Dungeon Overview and Level Annotations

Branches:
Dungeon (3/15)

Altars:


Innate Abilities, Weirdness & Mutations

You have extremely sharp teeth.
Your natural rate of healing is unusually fast.
When hurt, damage is shared between your health and your magic reserves.
Your bite disrupts and absorbs the magic of your enemies.
Potions cannot restore your health.
You are immune to rotting.


Message History

Things that are here:
a dagger; a robe; an orc skeleton You start resting.
Eating one of 6 chunks of flesh {@w0@w0}.
You eat one of the 6 chunks of flesh {@w0@w0}.
You are feeling hungry.
Eating one of 5 chunks of flesh {@w0@w0}.
You eat one of the 5 chunks of flesh {@w0@w0}.
You regained 4 hp, and now have 17/26 hp.
A kobold is nearby!
The kobold shouts!
The kobold throws a stone.
The stone hits you.
You see here a stone.
You take 1 damage, and have 17/26 hp.
You now have 5/6 mp.
The kobold closely misses you.
A worm comes into view.
You hit the kobold but do no damage. The kobold hits you with a short sword.
You take 2 damage, and have 16/26 hp.
You now have 4/6 mp.
You hit the kobold. You barely miss the kobold. The kobold closely misses you.
You hit the kobold. The kobold hits you with a short sword.
You take 1 damage, and have 16/26 hp.
You now have 3/6 mp.
You closely miss the kobold. The kobold hits you but does no damage.
You hit the kobold.
You kill the kobold!
You hit the worm. You bite the worm. You drain its power.
You feel invigorated. The worm misses you.
You hit the worm. You bite the worm. You drain its power.
You feel invigorated.
MP restored: 6 You hit the worm.
The worm barely misses you.
You barely miss the worm. You hit the worm but do no damage.
The worm barely misses you.
Unknown command.
You barely miss the worm. You bite the worm, but do no damage.
You hit the worm. The worm closely misses you.
You hit the worm. You hit the worm. The worm misses you.
You hit the worm but do no damage. You hit the worm but do no damage.
The worm barely misses you.
You hit the worm.
You kill the worm!
No target in view!
No target in view!
Wield which item (- for none, * to show all)? (? for menu, Esc to quit)
Okay, then.
You see here a worm corpse.
You butcher the worm corpse.
r - 5 chunks of flesh {@w0@w0} (gained 1)
b - a +0 blowgun (weapon)
a - a +2 dagger (weapon)
Wield which item (- for none, * to show all)? (? for menu, Esc to quit)
j - a +0 hunting sling (weapon)
Wield which item (- for none, * to show all)? (? for menu, Esc to quit)
a - a +2 dagger (weapon)
s - 2 white potions
Things that are here:
a short sword; 4 stones Health restored: 26
l - 2 scrolls labeled FUIDIO YSINOUD (gained 1)
Items here: )) [ †† a club; a ring mail; a short sword; a kobold corpse; an adder corpse
l - 3 scrolls labeled FUIDIO YSINOUD (gained 1)
A gnoll comes into view. It is wielding a spear.
The gnoll moves out of view.
l - 4 scrolls labeled FUIDIO YSINOUD (gained 1)
A gnoll comes into view. It is wielding a spear.
A gnoll is nearby!
Search for what [? for help]? bullet Can't find anything matching that.
A gnoll comes into view. It is wielding a spear.
A rat comes into view.
The gnoll closely misses you. The gnoll barely misses you.
The gnoll shouts!
You hit the gnoll.
A bat comes into view.
You hit the gnoll. The gnoll hits you with a spear.
You take 5 damage, and have 21/26 hp.
You now have 5/6 mp.
You completely miss the gnoll. You bite the gnoll. You drain its power.
You feel invigorated. The gnoll completely misses you.
The gnoll hits you from afar with a spear.
You take 1 damage, and have 20/26 hp.
You hit the gnoll but do no damage. The bat hits you.
The gnoll hits you with a spear.
You take 6 damage, and have 14/26 hp.
MASSIVE DAMAGE!!
You hit the gnoll but do no damage. You bite the gnoll, but do no damage.
The gnoll barely misses you. The bat hits you. The gnoll hits you with a spear.
You take 2 damage, and have 12/26 hp.
You now have 4/6 mp.
You hit the gnoll. The bat hits you but does no damage.
The gnoll hits you but does no damage.
The gnoll hits you from afar with a spear.
You take 3 damage, and have 9/26 hp.
You now have 2/6 mp.
You barely miss the gnoll. The bat hits you. The gnoll hits you with a spear!
* * * LOW HITPOINT WARNING * * *
The rat bites you.
* * * LOW HITPOINT WARNING * * *
The gnoll barely misses you.
The gnoll hits you from afar with a spear.
You die...

#.......# #.......#
#........ ##.......# .#
##......?.####.# .......g.
....# # ..... ..
......rg##...# .. .....#.#
#.#..g.@.....#... .....#.#
#.#..b#.#........ .......#
#.###.#.......... # #...#
#.....##......... ###...#
#..####........#
....#.####...............#
............#.....>.#....#
...).......##.##......<..#
...<.#..####..............


You could see 3 gnolls, a bat and a rat.

Vanquished Creatures
  The ghost of salapander the Skirmisher, an amateur VSFi (D:3)
  An orc wizard (D:3)
  3 adders
  A worm (D:3)
  3 dart slugs (D:2)
  2 leopard geckos
  5 orcs
  19 giant cockroaches
  5 goblins
  4 hobgoblins
  4 jackals (D:1)
  7 kobolds
  6 bats
  A frilled lizard (D:1)
  4 rats
66 creatures vanquished.

Notes
Turn   | Place    | Note
-------+----------+-------------------------------------------
     0 | D:1      | Gorglomux the Vine Stalker Assassin began the quest for the Orb.
     0 | D:1      | Reached XP level 1. HP: 11/11 MP: 2/2
    44 | D:1      | HP: 2/11 [jackal (1)]
    59 | D:1      | HP: 1/11 [jackal (1)]
    67 | D:1      | Reached skill level 2 in Short Blades
    67 | D:1      | Reached skill level 5 in Stealth
    68 | D:1      | HP: 1/11 [jackal (1)]
   100 | D:1      | Reached XP level 2. HP: 2/15 MP: 3/3
   539 | D:1      | Reached XP level 3. HP: 12/18 MP: 2/4
  1154 | D:2      | Gained mutation: Your natural rate of healing is unusually fast. [Vine Stalker growth]
  1154 | D:2      | Reached XP level 4. HP: 19/23 MP: 5/5
  1191 | D:2      | Reached skill level 6 in Stealth
  1386 | D:2      | Reached skill level 3 in Short Blades
  1809 | D:3      | Noticed salapander's ghost (amateur VSFi)
  2134 | D:3      | Killed salapander's ghost
  2134 | D:3      | Reached XP level 5. HP: 13/26 MP: 4/6
  2303 | D:3      | Reached skill level 7 in Stealth
  2323 | D:3      | HP: 6/26 [orc wizard/magic dart (3)]
  2423 | D:3      | HP: 2/26 [gnoll/spear (6)]
  2423 | D:3      | Slain by a gnoll

Vault maps used:
D:1:      dpeg_arrival_leaves_temple_mockup, minmay_misc_feat_room,
          serial_bayou_crossing
D:2:      minmay_roachtagon, first_bread

Skill      XL: |  1  2  3  4  5 |
---------------+----------------+-----
Short Blades   | 2 3 |  3.9
Stealth        | 5 6 7 |  7.1
Fighting       | |  1.7
Throwing       | |  1.7
Dodging        | |  0.7

Action                   |  1- 3 |  4- 6 || total
-------------------------+-------+-------++-------
Melee: Dagger            |   103 |   175 ||   278
       Bite              |    15 |    48 ||    63
 Fire: Blowgun           |     3 |     1 ||     4
 Stab: Sleeping          |     6 |     5 ||    11
       Distracted        |       |     1 ||     1
  Eat: Chunk             |     1 |     4 ||     5
Armor: Robe              |    46 |    31 ||    77
Dodge: Dodged            |    80 |    86 ||   166

Vault maps used:
D:1:      dpeg_arrival_leaves_temple_mockup, minmay_misc_feat_room,
          serial_bayou_crossing
D:2:      minmay_roachtagon, first_bread

Table legend:
 A = Turns spent in this place as a percentage of turns spent in the entire game.
 B = Non-inter-level travel turns spent in this place as a percentage of non-inter-level travel turns spent in the entire game.
 C = Inter-level travel turns spent in this place as a percentage of turns spent in this place.
 D = Turns resting spent in this place as a percentage of non-inter-level travel turns spent in this place.
 E = Turns spent auto-exploring this place as a percentage of non-inter-level travel turns spent in this place.
 F = Non-inter-level travel turns spent in this place divided by the number of levels of this place that you've seen.
                   A       B       C       D       E      F
               +-------+-------+-------+-------+-------+----------------------
         Total | 100.0 | 100.0 |   0.2 |   0.8 |   6.1 | 367.7
       Dungeon | 100.0 | 100.0 |   0.2 |   0.8 |   6.1 | 367.7
               +-------+-------+-------+-------+-------+----------------------

Table legend:
 A = Kills in this place as a percentage of kills in entire the game.
 B = Kills by you in this place as a percentage of kills by you in the entire game.
 C = Kills by friends in this place as a percentage of kills by friends in the entire game.
 D = Other kills in this place as a percentage of other kills in the entire game.
 E = Experience gained in this place as a percentage of experience gained in the entire game.
 F = Experience gained in this place divided by the number of levels of this place that you have seen.
                   A       B       C       D       E      F
               +-------+-------+-------+-------+-------+----------------------
         Total | 100.0 | 100.0 |  -nan |  -nan | 100.0 |  99.7
       Dungeon | 100.0 | 100.0 |  -nan |  -nan | 100.0 |  99.7
               +-------+-------+-------+-------+-------+----------------------
